 Dungeon Crawl Stone Soup version 0.29.1-1-gd02db6906a (webtiles) character file.

Game seed: 5517996696166159564

78 Earthwalker the Trooper (level 4, -8/40 HPs)
             Began as a Minotaur Fighter on Oct 13, 2022.
             Mangled by a gnoll
             ... wielding a +0 flail
              (9 damage)
             ... on level 2 of the Dungeon.
             The game lasted 00:01:48 (1251 turns).

Earthwalker the Trooper (Minotaur Fighter)          Turns: 1251, Time: 00:01:49

Health: -8/40      AC:  7    Str: 22    XL:     4   Next: 15%
Magic:  3/3        EV: 10    Int:  5    God:
Gold:   68         SH:  4    Dex: 10    Spells: 3/3 levels left

rFire   . . .      SeeInvis .   a - +0 war axe
rCold   . . .      Faith    .   c - +0 buckler
rNeg    . . .      Spirit   .   b - +0 scale mail
rPois   .          Reflect  .   (helmet restricted)
rElec   .          Harm     .   (no cloak)
rCorr   .          Rampage  .   (no gloves)
Will    .....                   (no boots)
Stlth   ..........              (no amulet)
HPRegen 0.13/turn               (no ring)
MPRegen 0.08/turn               (no ring)

@: no status effects
A: horns 2, retaliatory headbutt
a: no special abilities


You were on level 2 of the Dungeon.
You visited 1 branch of the dungeon, and saw 2 of its levels.

You collected 68 gold pieces.

Inventory:

Hand Weapons
 a - a +0 war axe (weapon)
Missiles
 g - 4 poisoned darts (quivered)
 h - 9 stones
Armour
 b - a +0 scale mail (worn)
 c - a +0 buckler (worn)
Scrolls
 e - a scroll of amnesia {unknown}
 i - a scroll of magic mapping {unknown}
 j - a scroll of teleportation {unknown}
Potions
 d - a potion of might
 f - a potion of heal wounds {unknown}


   Skills:
 * Level 4.1 Fighting
 * Level 3.2 Axes
 + Level 0.9 Throwing
 * Level 4.1 Armour
 * Level 1.7 Dodging
 * Level 4.1 Shields


You had 3 spell levels left.
You didn't know any spells.
Your spell library was empty.

Dungeon Overview and Level Annotations

Branches:
Dungeon (2/15)

Altars:


Innate Abilities, Weirdness & Mutations

You have a pair of horns on your head.
You reflexively headbutt those who attack you in melee.


Message History

The gnoll shouts!
A gnoll comes into view. It is wielding a +0 flail.
The gnoll shouts!
An endoplasm comes into view.
Found a kite shield.
The gnoll hits the plant with a +0 halberd!
The plant begins to die.
The endoplasm jiggles.
You slash the gnoll!
The gnoll is heavily wounded.
A nearby plant withers and dies.
The gnoll hits you with a +0 whip.
The gnoll hits you from afar with a +0 halberd!
You barely miss the gnoll. You headbutt the gnoll.
The gnoll is severely wounded.
You barely miss the gnoll. The gnoll completely misses you.
The gnoll misses you. The gnoll hits you but does no damage.
You slash the gnoll!
You kill the gnoll!
You hit the gnoll.
A nearby plant withers and dies.
The gnoll hits you from afar with a +0 halberd!
The endoplasm freezes you.
You are frozen.
The gnoll hits you with a +0 flail.
* * * LOW HITPOINT WARNING * * *
The gnoll closely misses you.
You have reached level 4!
You feel agile. The endoplasm barely misses you. You furiously retaliate!
You headbutt the endoplasm!
You kill the endoplasm!
The gnoll misses you. The gnoll hits you but does no damage.
You barely miss the gnoll. You headbutt the gnoll!
The gnoll is almost dead.
You barely miss the gnoll. The gnoll hits you with a +0 flail.
* * * LOW HITPOINT WARNING * * *
The gnoll hits you with a +0 halberd.
* * * LOW HITPOINT WARNING * * *
You barely miss the gnoll. Your headbutt misses the gnoll.
The gnoll is almost dead.
You hit the gnoll. The gnoll misses you. The gnoll hits you with a +0 flail!
You die...

# #.. # #. #.# .#
####. #.# .# ..... #.#
###.#
####..###.###...####
......?............#
.....##.#####.#.##.#
#######.g## #.#.##.#
#[...@..# #.#.##.#
#...P.g...##.#.##.#
#.P.P..P..##.#.##.#
.....PP..P.##.#.##.##
.#.P..P..P.##.....#.##
.....P..P..#...#.###.#
##.PP.P..P.##.....#..#
#....P.........##.#.#
..#.######.#.#


You could see 2 gnolls.

Vanquished Creatures
  4 gnolls (D:2)
  2 dart slugs (D:1)
  4 ball pythons (D:1)
  4 endoplasms
  4 goblins (D:1)
  3 hobgoblins (D:1)
  4 kobolds (D:1)
  A quokka (D:1)
  8 bats
  2 rats (D:1)
36 creatures vanquished.

Vanquished Creatures (others)
  2 plants (D:2)
2 creatures vanquished.

Grand Total: 38 creatures vanquished

Notes
Turn   | Place    | Note
-------+----------+-------------------------------------------
     0 | D:1      | Earthwalker the Minotaur Fighter began the quest for the
                  | Orb.
     0 | D:1      | Reached XP level 1. HP: 19/19 MP: 0/0
   124 | D:1      | Reached XP level 2. HP: 23/27 MP: 1/1
   482 | D:1      | Reached skill level 1 in Dodging
   548 | D:1      | Reached XP level 3. HP: 33/33 MP: 2/2
   878 | D:1      | Found a faded altar of an unknown god.
  1249 | D:2      | Reached XP level 4. HP: 7/40 MP: 3/3
  1250 | D:2      | HP: 1/40 [gnoll/+0 halberd (5)]
  1251 | D:2      | Mangled by a gnoll

Illustrated notes

Levels and vault maps discovered:
D:1:      doesnt_arrival_eight_statues, layout_basic,
          shapermc_ecumenical_altar_hornbeckon, minmay_tiny_reverse_x
D:2:      layout_loops_ring, nicolae_grassy_gnolls

Skill      XL: |  1  2  3 |
---------------+----------+-----
Dodging        | 1 |  1.7
Fighting       | 4 |  4.1
Axes           | 3 |  3.2
Armour         | 4 |  4.1
Shields        | 4 |  4.1
Throwing       | |  0.9

Action                   |  1- 3 |  4- 6 || total
-------------------------+-------+-------++-------
Melee: War axe           |    61 |     2 ||    63
       Headbutt          |    10 |     1 ||    11
Armor: Scale mail        |    28 |     1 ||    29
Dodge: Dodged            |    40 |     3 ||    43
Block: Buckler           |    12 |       ||    12
